 Dungeon Crawl Stone Soup version 0.30-a0-739-gea05faddec (webtiles) character file.

Game seed: 13011818222778901756

1230 jimonade the Cutter (level 8, -1/56 HPs)
             Began as a Djinni Brigand on Feb 4, 2023.
             Slain by an ice beast (18 damage)
             ... on level 6 of the Dungeon.
             The game lasted 00:10:14 (6597 turns).

jimonade the Cutter (Djinni Brigand)                Turns: 6597, Time: 00:10:15

Health: -1/56      AC: 11    Str: 12    XL:     8   Next: 77%
Gold:   189        EV: 11    Int: 14    God:
                   SH:  0    Dex: 14

rFire   + + .      SeeInvis .    a - +2 dagger (venom)
rCold   x . .      Faith    .    (no shield)
rNeg    . . .      Spirit   .    w - +0 ring mail
rPois   ∞          Reflect  .    l - +2 helmet
rElec   .          Harm     .    c - +0 cloak
rCorr   .          Rampage  .    k - +0 pair of gloves
Will    .....                    (boots unavailable)
Stlth   ++                       (no amulet)
HPRegen 0.29/turn                (no ring)
MPRegen 0.00/turn                (no ring)

@: flying
A: sickness immunity, fire resistance 2, cold vulnerability 1, float, innate
caster, HP casting, extra vitality 1
a: no special abilities


You were on level 6 of the Dungeon.
You visited 2 branches of the dungeon, and saw 7 of its levels.

You collected 189 gold pieces.

Inventory:

Hand Weapons
 a - a +2 dagger of venom (weapon)
 q - a +0 sling
 z - a +2 dagger
Missiles
 d - 9 poisoned darts (quivered)
 e - 4 curare-tipped darts
 j - 31 stones
Armour
 b - a +0 robe
 c - a +0 cloak (worn)
 i - a +0 leather armour
 k - a +0 pair of gloves (worn)
 l - a +2 helmet (worn)
 w - a +0 ring mail (worn)
Jewellery
 B - a +4 ring of slaying
Scrolls
 f - 3 scrolls of teleportation {unknown}
 h - 3 scrolls of fear {unknown}
 m - 5 scrolls of identify {unknown}
 r - 2 scrolls of fog {unknown}
 t - 2 scrolls of blinking {unknown}
 u - a scroll of vulnerability {unknown}
 y - a scroll of enchant armour {unknown}
 A - a scroll of torment {unknown}
 D - a scroll of acquirement {unknown}
 E - a scroll of poison {unknown}
 G - a scroll of enchant weapon {unknown}
Potions
 g - 2 potions of brilliance {unknown}
 n - 3 potions of flight {unknown}
 o - 3 potions of degeneration {unknown}
 p - 2 potions of curing
 s - 2 potions of heal wounds {unknown}
 v - a potion of berserk rage {unknown}
 x - a potion of magic {unknown}
 C - a potion of might {unknown}
 F - a potion of lignification {unknown}


   Skills:
 + Level 3.5 Fighting
 * Level 6.1 Short Blades
 - Level 1.5 Throwing
 + Level 3.5 Armour
 + Level 3.7 Dodging
 - Level 4.2 Stealth
 * Level 2.2 Spellcasting


You had 6 spell levels left.
You knew the following spells:

 Your Spells              Type           Power      Damage    Failure   Level
a - Beastly Appendage     Tmut           14%        N/A       19%         1
b - Wereblood             Tmut           7%         N/A       28%         2
c - Static Discharge      Conj/Air       14%        2-3/arc   28%         2
Your spell library was empty.

Dungeon Overview and Level Annotations

Branches:
Dungeon (6/15)             Temple (1/1) D:5

Altars:
Dithmenos
Fedhas
Gozag
Hepliaklqana
Makhleb
Nemelex Xobeh
Okawaru
Qazlal
Trog
Uskayaw
Wu Jian
Xom
Yredelemnul
Zin
The Shining One


Innate Abilities, Weirdness & Mutations

You are immune to sickness and miasma.
You are immune to poison.
Your flesh is very heat resistant. (rF++)
You are vulnerable to cold. (rC-)
You float through the air rather than walking.
You learn spells naturally, not from books.
Your magical power is your life essence.
You have superior vitality. (+4 MHP)


Message History

The orc is lightly wounded.
The orc hits you but does no damage.
You hit the orc.
The orc is poisoned.
The orc is moderately wounded.
The orc hits you but does no damage.
You hit the orc but do no damage.
The orc looks even sicker.
The orc is moderately wounded.
The orc hits you but does no damage.
You hit the orc.
The orc looks as sick as possible!
The orc is moderately wounded.
You kill the orc!
No target in view!
No target in view!
G - a scroll labelled ZUEMICKINIFF An ice beast comes into view.
The ice beast closely misses you.
You hit the ice beast.
The ice beast is lightly wounded.
The ice beast barely misses you.
You closely miss the ice beast.
The ice beast is lightly wounded.
The ice beast hits you. The ice beast freezes you!
You feel a terrible chill!
You hit the ice beast but do no damage.
The ice beast is lightly wounded.
You hit the ice beast.
The ice beast is poisoned.
The ice beast is moderately wounded.
The ice beast hits you. The ice beast freezes you!
You feel a terrible chill!
You hit the ice beast but do no damage.
The ice beast is moderately wounded.
The ice beast barely misses you.
You hit the ice beast but do no damage.
The ice beast is moderately wounded.
You completely miss the ice beast.
The ice beast is moderately wounded.
The ice beast hits you. The ice beast freezes you!
You feel a terrible chill!
You hit the ice beast.
The ice beast looks as sick as possible!
The ice beast is moderately wounded.
The ice beast hits you. The ice beast freezes you!!
You feel a terrible chill!
You die...

## ############.
##########...#........
#...............≈≈≈≈≈≈
#...Y@.......#.≈≈≈≈≈≈.
#............#.≈≈_....
#####.####...#.≈≈≈≈≈≈.
##.# #...#..≈≈≈≈≈≈
.... #...#........
.... #...##.......
...... #.........#..
.......#####..##.##..
...................


You could see an ice beast (extremely poisoned).

Vanquished Creatures
  Grinder (D:6)
  A water moccasin (D:6)
  2 ogres
  A phantom (D:6)
  A kobold brigand (D:5)
  A scorpion (D:6)
  2 necrophages (D:5)
  3 jellies
  2 hounds (D:5)
  An orc wizard (D:4)
  A gnoll (D:1)
  14 adders
  2 white imps (D:5)
  An ufetubus (D:5)
  3 worms
  A dart slug (D:4)
  10 orcs
  7 ball pythons
  7 endoplasms
  5 giant cockroaches
  6 hobgoblins
  11 jackals
  8 kobolds
  2 quokkas
  3 bats
  3 frilled lizards
  14 goblins
  2 rats (D:1)
115 creatures vanquished.

Notes
Turn   | Place    | Note
-------+----------+-------------------------------------------
     0 | D:1      | jimonade the Djinni Brigand began the quest for the Orb.
     0 | D:1      | Reached XP level 1. HP: 18/18 MP: 0/0
   140 | D:1      | Reached XP level 2. HP: 21/23 MP: 0/0
   307 | D:1      | Reached skill level 2 in Short Blades
   548 | D:1      | Reached XP level 3. HP: 24/28 MP: 0/0
   548 | D:1      | Learned a level 1 spell: Beastly Appendage
   632 | D:1      | Found a faded altar of an unknown god.
  1243 | D:2      | Reached XP level 4. HP: 33/33 MP: 0/0
  1897 | D:2      | Reached skill level 3 in Short Blades
  2000 | D:2      | Reached XP level 5. HP: 23/39 MP: 0/0
  2000 | D:2      | Learned a level 2 spell: Wereblood
  2704 | D:3      | Found a hazy altar of Hepliaklqana.
  3643 | D:4      | Reached XP level 6. HP: 34/45 MP: 0/0
  3688 | D:4      | Noticed an ogre
  3930 | D:4      | Found a bloodstained altar of Trog.
  4057 | D:4      | Killed an ogre
  4058 | D:4      | Reached skill level 4 in Short Blades
  4164 | D:4      | Reached skill level 1 in Armour
  4464 | D:5      | Entered Level 5 of the Dungeon
  4472 | D:5      | Reached skill level 1 in Spellcasting
  4552 | D:5      | Reached XP level 7. HP: 49/49 MP: 0/0
  4552 | D:5      | Learned a level 2 spell: Static Discharge
  4629 | D:5      | Found a basalt altar of Yredelemnul.
  4763 | D:5      | Found a staircase to the Ecumenical Temple.
  4774 | Temple   | Entered the Ecumenical Temple
  5573 | D:6      | Noticed Grinder
  5807 | D:5      | Reached skill level 5 in Short Blades
  5937 | D:6      | Killed Grinder
  5938 | D:6      | Reached XP level 8. HP: 26/56 MP: 0/0
  6077 | D:6      | Found an ornate altar of the Wu Jian Council.
  6335 | D:6      | Reached skill level 6 in Short Blades
  6597 | D:6      | Slain by an ice beast

Illustrated notes

Levels and vault maps discovered:
D:1:      psy_arrival_statuary, layout_basic,
          hellmonk_ecumenical_altar_heavens_door
D:2:      layout_basic, hangedman_decor_points
D:3:      layout_basic, nzn_hepliaklqana_mist_gate
D:4:      layout_basic, kennysheep_little_box, kennysheep_flooded_box,
          dk_noncrumbling_3
D:5:      layout_rooms, lemuel_crystal_altar, minmay_temple_entry_sparse_star
D:6:      layout_rooms, kennysheep_mini, mainiacjoe_overflow_catwalk,
          mainiacjoe_overflow_concentric_impassable,
          amcnicky_mini_rare_corridor_liquid, uniq_grinder
Temple:   minmay_temple_forest_path

Skill      XL: |  1  2  3  4  5  6  7  8 |
---------------+-------------------------+-----
Short Blades   | 2 3 4 5 6 |  6.1
Stealth        | 4 |  4.2
Dodging        | 2 3 |  3.7
Armour         | 1 2 3 |  3.5
Spellcasting   | 1 2 |  2.2
Fighting       | 3 |  3.5
Throwing       | |  1.5

Action                     |  1- 3 |  4- 6 |  7- 9 || total
---------------------------+-------+-------+-------++-------
  Melee: Dagger            |   109 |   305 |   227 ||   641
         Punch             |     1 |     2 |     2 ||     5
  Throw: Dart              |       |     1 |     6 ||     7
         Stone             |       |     1 |       ||     1
   Stab: Sleeping          |     6 |     8 |       ||    14
         Distracted        |     1 |       |       ||     1
 Armour: Robe              |    22 |    46 |       ||    68
         Ring mail         |       |    46 |    78 ||   124
  Dodge: Dodged            |    51 |   161 |    99 ||   311

Table legend: (Time is in decaauts)
 A = Elapsed time spent in this place.
 B = Non-inter-level travel time spent in this place.
 C = Inter-level travel time spent in this place.
 D = Time resting spent in this place.
 E = Time spent auto-exploring this place.
 F = Levels seen in this place.
 G = Mean time per level.
                   A        B        C        D        E       F      G
               +--------+--------+--------+--------+--------+-----+--------+
         Total |   6479 |   6024 |    455 |    564 |   4176 |   7 |  925.6 |
       Dungeon |   6084 |   5681 |    403 |    564 |   3847 |   6 | 1014.0 |
        Temple |    394 |    342 |     52 |      0 |    329 |   1 |  394.0 |
               +--------+--------+--------+--------+--------+-----+--------+

Top non-repeatable levels by time:
     D:1: 1423 daAuts
     D:3: 1215 daAuts
     D:2: 1091 daAuts
     D:5: 989 daAuts
     D:6: 689 daAuts
     D:4: 676 daAuts
  Temple: 394 daAuts
